 Dungeon Crawl Stone Soup version 0.29-a0-284-gf9362112df (webtiles) character file.

Game seed: 3153370624981138248

112 silky the Cudgeller (level 4, -3/41 HPs)
             Began as a Minotaur Chaos Knight on Mar 31, 2022.
             Was a Plaything of Xom.
             Slain by an orc
             ... wielding a +0 short sword
              (4 damage)
             ... on level 3 of the Dungeon.
             The game lasted 00:05:53 (2274 turns).

silky the Cudgeller (Minotaur Chaos Knight)         Turns: 2274, Time: 00:05:54

Health: -3/41      AC:  9    Str: 18    XL:     4   Next: 63%
Magic:  3/3        EV:  7    Int:  9    God:    Xom [.*....]
Gold:   88         SH:  0    Dex: 10    Spells: 3/3 levels left

rFire   . . .      SeeInvis .   k - +2 hand axe (flame)
rCold   . . .      Faith    .   (no shield)
rNeg    . . .      Spirit   .   h - +0 chain mail
rPois   .          Reflect  .   (helmet restricted)
rElec   .          Harm     .   (no cloak)
rCorr   .          Rampage  .   (no gloves)
Will    .....                   (no boots)
Stlth   ..........              (no amulet)
HPRegen 0.13/turn               (no ring)
MPRegen 0.08/turn               (no ring)

@: brilliant
A: horns 2, retaliatory headbutt
a: Renounce Religion


You were on level 3 of the Dungeon.
You worshipped Xom.
You were a plaything of Xom.
You visited 1 branch of the dungeon, and saw 3 of its levels.

You collected 88 gold pieces.

Inventory:

Hand Weapons
 a - a +0 mace of chaos
 k - a +2 hand axe of flaming (weapon)
Armour
 h - a +0 chain mail (worn)
 i - a +2 barding
Scrolls
 e - a scroll of fog
 g - a scroll of magic mapping
 l - a scroll of vulnerability
Miscellaneous
 c - a piece from Xom's chessboard (15/15) (quivered)


   Skills:
 + Level 4.6 Fighting
 + Level 0.7(3.1) Axes
 + Level 4.9 Maces & Flails
 + Level 3.6 Armour
 + Level 1.6 Dodging


You had 3 spell levels left.
You didn't know any spells.
Your spell library contained the following spells:

 Spells                   Type           Power      Damage    Failure   Level
 Beastly Appendage        Tmut           0%         N/A       99%         1
 Magic Dart               Conj           0%         1d3       99%         1
 Call Imp                 Summ           0%         N/A       100%        2
 Wereblood                Tmut           0%         N/A       100%        2
 Mephitic Cloud           Conj/Pois/Air  0%         N/A       100%        3
 Spider Form              Tmut/Pois      0%         N/A       100%        3


Dungeon Overview and Level Annotations

Branches:
Dungeon (3/15)

Altars:


Innate Abilities, Weirdness & Mutations

You have a pair of horns on your head.
You reflexively headbutt those who attack you in melee.


Message History

The orc hits you but does no damage. Something hits you but does no damage.
You hit something. You burn something. Your headbutt misses something.
You hit the orc but do no damage. You completely miss the orc.
You closely miss the orc. The orc hits you with a +0 short sword.
* * * LOW HITPOINT WARNING * * *
The orc barely misses you. The orc hits you but does no damage.
Something hits you but does no damage.
You hit something but do no damage. Your headbutt misses something.
You hit the orc but do no damage. You hit the orc. You burn the orc.
You hit the orc. You burn the orc.
You kill the orc!
The orc hits you but does no damage. x2; Something hits you but does no damage.
You barely miss something. You hit the kobold. You burn the kobold.
You kill the kobold!
You closely miss the orc. You barely miss the orc. The orc closely misses you.
Something hits you.
* * * LOW HITPOINT WARNING * * *
The orc hits you but does no damage. x2; Something hits you but does no damage.
The orc hits you with a +0 short sword.
* * * LOW HITPOINT WARNING * * *
You hit something. You burn something. Your headbutt misses something.
You barely miss the orc. You hit the orc but do no damage.
The orc hits you but does no damage. Something hits you but does no damage.
The orc hits you with a +0 short sword.
* * * LOW HITPOINT WARNING * * *
This is a scroll of acquirement!
Something appears at your feet! The orc closely misses you.
You furiously retaliate!
You headbutt the orc!
You kill the orc!
Something hits you but does no damage. The orc hits you but does no damage.
You hit something. You burn something. You closely miss the orc.
The orc hits you with a +0 short sword.
* * * LOW HITPOINT WARNING * * *
Something hits you but does no damage.
You hit something. You burn something.
Reactivating autopickup.
You feel a bit more experienced.
You hit the orc but do no damage. The orc hits you but does no damage.
The orc hits you with a +0 short sword.
You die...

#..
..........##
### .####...
.......†
######.. #..
#.. #### #..
##.o##.# #.#
##.@))..# #.#
##...#)..#
##.#
#....##..##
#...
#††##.##..#
#...
##..##.#..#
####...
#..##...###..#
#......
#............#
#......
#.######.....#
#......
.........###
###....


You could see an orc.

Vanquished Creatures
  An orc wizard (D:3)
  2 adders (D:3)
  2 worms
  A dart slug (D:2)
  8 orcs (D:3)
  4 endoplasms
  6 giant cockroaches
  3 goblins
  2 hobgoblins
  A jackal (D:1)
  A quokka (D:2)
  A ball python (D:2)
  11 bats
  A frilled lizard (D:1)
  2 kobolds
  5 rats
51 creatures vanquished.

Notes
Turn   | Place    | Note
-------+----------+-------------------------------------------
     0 | D:1      | silky the Minotaur Chaos Knight began the quest for the
                  | Orb.
     0 | D:1      | Reached XP level 1. HP: 19/19 MP: 0/0
    25 | D:1      | XOM: silly message
   357 | D:1      | Reached XP level 2. HP: 23/27 MP: 1/1
   474 | D:1      | Found a faded altar of an unknown god.
   861 | D:2      | XOM: 1-stop teleportation journey
  1015 | D:2      | Reached XP level 3. HP: 28/34 MP: 2/2
  1540 | D:3      | XOM: butterfly on damage
  1814 | D:3      | XOM: noise
  2110 | D:3      | Reached XP level 4. HP: 40/41 MP: 3/3
  2271 | D:3      | Identified a scroll of acquirement
  2271 | D:3      | Acquired a +5 great mace of holy wrath
  2272 | D:3      | HP: 1/41 [orc/+0 short sword (5)]
  2274 | D:3      | Slain by an orc

Illustrated notes

Levels and vault maps discovered:
D:1:      saegor_arrival_simple_e, layout_rooms, ebering_ecumenical_altar_mist,
          hangedman_abyss_or_decor_stabs, palyth_stone_intersect,
          minmay_misc_feat_nine_boxes
D:2:      layout_basic, minmay_bisected
D:3:      layout_loops_ring, corexii_corridor_pit, minmay_cupped

Skill      XL: |  1  2  3 |
---------------+----------+-----
Fighting       | 4 |  4.6
Maces & Flails | 4 |  4.9
Armour         | 3 |  3.6
Axes           | |  0.7
Dodging        | |  1.6

Action                   |  1- 3 |  4- 6 || total
-------------------------+-------+-------++-------
Melee: Mace              |    81 |       ||    81
       Headbutt          |    18 |       ||    18
       Punch             |     1 |       ||     1
       Hand axe          |    17 |    20 ||    37
  Use: Scroll            |     2 |     2 ||     4
       Potion            |       |     2 ||     2
Armor: Leather armour    |     5 |       ||     5
       Ring mail         |    15 |       ||    15
       Chain mail        |    50 |    38 ||    88
Dodge: Dodged            |    67 |    11 ||    78

Table legend: (Time is in decaauts)
 A = Elapsed time spent in this place.
 B = Non-inter-level travel time spent in this place.
 C = Inter-level travel time spent in this place.
 D = Time resting spent in this place.
 E = Time spent auto-exploring this place.
 F = Levels seen in this place.
 G = Mean time per level.
                   A        B        C        D        E       F      G
               +--------+--------+--------+--------+--------+-----+--------+
         Total |   2296 |   2296 |      0 |    112 |   1656 |   3 |  765.3 |
       Dungeon |   2296 |   2296 |      0 |    112 |   1656 |   3 |  765.3 |
               +--------+--------+--------+--------+--------+-----+--------+

Top non-repeatable levels by time:
     D:3: 791 daAuts
     D:2: 781 daAuts
     D:1: 723 daAuts
